Map: Zona del Vacío

Players

xXkazperXx - Winner!

  • Race: Zerg Zerg
  • League: Bronze

RANURA DE IA (Muy fácil)

  • Race: Terran Terran

RANURA DE IA (Muy fácil)

  • Race: Terran Terran

RANURA DE IA (Muy fácil)

  • Race: Terran Terran

RANURA DE IA (Muy fácil)

  • Race: Protoss Protoss

RANURA DE IA (Muy fácil)

  • Race: Zerg Zerg

RANURA DE IA (Muy fácil)

  • Race: Terran Terran

RANURA DE IA (Muy fácil)

  • Race: Zerg Zerg

VOD

Have the link to the VOD?

Description

Time

  • Played on: April 3, 2016, 1:28 a.m.
  • Length: 39:32
Show
View Real Time Build Order
Export as new Build Order

xXkazperXx Zerg - Winner!

Build Orders: Pool First 

Get SALT Encoding   

  12  0:01  Drone  
  13  0:14  Extractor  
  12  0:27  Spawning Pool  
  11  0:29  Drone  
  12  0:43  Drone x2  
  14  0:52  Overlord  
  14  1:16  Zergling x6  
  17  1:22  Queen  
  19  1:33  Zergling x2  
  19  1:36  Metabolic Boost  
  20  1:41  Zergling x2  
  20  1:46  Extractor  
  20  2:18  Zergling x4  
  20  2:19  Overlord  
  22  2:42  Drone x4  
  24  3:29  Zergling x2  
  24  3:30  Zergling x4  
  27  4:10  Zergling x6  
  27  4:16  Lair  
  27  5:07  Hatchery  
  23  5:55  Drone x5  
  28  6:04  Hydralisk Den  
  22  6:48  Zergling x6  
  22  6:53  Zergling x6  
  28  6:56  Lurker Den  
  28  7:26  Hydralisk x4  
  28  7:29  Overlord  
  36  7:30  Overlord x2  
  36  7:31  Overlord  
  36  8:01  Spire  
  36  8:05  Infestation Pit  
  34  8:14  Drone x2  
  34  8:15  Drone  
  34  8:19  Drone x3  
  40  8:26  Muscular Augments  
  40  8:31  Hatchery  
  39  8:57  Zergling x6  
  39  8:59  Hydralisk x4  
  50  9:04  Queen  
  51  9:53  Drone  
  51  9:57  Drone x4  
  51  9:58  Drone x2  
  58  10:04  Extractor  
  57  10:07  Extractor  
  56  10:17  Mutalisk x3  
  62  10:24  Pneumatized Carapace  
  62  10:29  Burrow  
  62  10:37  Drone  
  62  10:38  Drone x2  
  65  10:46  Drone x3  
  65  10:47  Drone x2  
  70  10:52  Drone x3  
  73  11:00  Overlord x3  
  72  11:11  Queen  
  72  11:24  Mutalisk x3  
  78  11:25  Mutalisk  
  78  11:26  Mutalisk x2  
  83  12:31  Extractor  
  83  12:34  Extractor  
  81  12:41  Mutalisk x4  
  81  12:44  Overlord x2  
  89  12:48  Hive  
  89  12:55  Zerg Flyer Weapons Level 1  
  87  13:07  Zergling x12  
  93  14:07  Drone x3  
  96  14:12  Queen  
  96  14:13  Spine Crawler  
  96  14:40  Zergling x6  
  98  15:20  Mutalisk x2  
  102  15:21  Mutalisk  
  104  15:28  Greater Spire  
  104  15:33  Overlord x3  
  104  16:58  Hatchery  
  103  17:52  Hatchery  
  102  18:02  Hatchery  
  100  18:38  Corruptor x4  
  100  18:39  Corruptor  
  110  18:42  Mutalisk x2  
  110  18:43  Mutalisk  
  116  18:56  Zergling x6  
  116  18:57  Zergling x6  
  116  18:59  Overlord x4  
  116  19:00  Overlord x2  
  122  19:05  Pathogen Glands  
  122  19:07  Adrenal Glands  
  122  19:12  Brood Lord x5  
  122  19:16  Drone x3  
  135  19:54  Drone x3  
  138  20:11  Corruptor x6  
  150  20:23  Drone x3  
  150  20:24  Drone x2  
  150  20:25  Drone  
  156  20:36  Extractor  
  156  20:38  Drone x3  
  158  20:50  Drone x2  
  158  20:51  Queen  
  158  20:55  Spine Crawler  
  161  20:59  Spine Crawler x2  
  161  21:02  Drone x3  
  161  21:04  Drone  
  163  21:47  Queen  
  163  21:49  Drone x3  
  168  21:55  Drone x3  
  168  22:59  Drone x3  
  171  23:10  Extractor  
  170  23:13  Brood Lord x5  
  180  23:40  Spine Crawler  
  179  23:44  Spine Crawler  
  178  23:49  Extractor  
  178  23:50  Spine Crawler  
  178  23:51  Extractor, Drone x3  
  177  24:42  Hydralisk x3  
  177  24:43  Hydralisk x2  
  187  24:52  Evolution Chamber  
  186  24:58  Ultralisk Cavern  
  185  25:04  Neural Parasite  
  183  25:31  Brood Lord  
  185  27:25  Hatchery  
  184  27:37  Hatchery  
  183  27:45  Hatchery  
  180  30:21  Overseer  
  180  30:27  Drone x3  
  183  30:33  Hatchery  
  182  30:53  Extractor  
  181  30:57  Extractor  
  180  31:36  Zergling x4  
  180  31:37  Zergling x2  
  179  32:03  Evolution Chamber  
  179  32:05  Mutalisk x3  
  179  32:06  Evolution Chamber  
  183  32:30  Mutalisk x2  
  183  32:31  Mutalisk  
  189  33:26  Zerg Ground Armor Level 1, Zerg Missile Weapons Level 1, Zerg Melee Weapons Level 1  
  189  33:37  Ultralisk  
  195  33:43  Zergling x4  
  195  33:45  Zergling x2  
  195  33:46  Zergling x4  
  198  34:42  Drone  
  199  35:39  Zerg Melee Weapons Level 2, Zerg Ground Armor Level 2, Zerg Missile Weapons Level 2  
Show
View Real Time Build Order
Export as new Build Order

RANURA DE IA (Muy fácil) Terran 

Build Orders:  

Get SALT Encoding   

  12  0:01  SCV  
  13  0:13  SCV  
  14  0:20  Supply Depot  
  14  0:38  Refinery  
  14  0:44  Barracks  
  14  1:04  Supply Depot  
  14  1:11  Refinery  
  14  1:32  Marine  
  15  1:33  Orbital Command  
  15  1:51  Barracks Tech Lab  
  15  2:00  SCV  
  15  2:09  Marine  
  15  2:12  SCV  
  14  2:25  SCV  
  13  2:37  SCV  
  14  2:39  Marine  
  15  2:49  SCV  
  16  3:01  SCV  
  17  3:13  SCV  
  18  3:25  SCV, Marauder  
  18  3:37  SCV  
  16  3:49  SCV  
  16  3:55  Marauder  
  19  4:01  SCV  
  20  4:07  Supply Depot  
  20  4:13  SCV  
  21  4:24  Marauder  
  23  4:25  SCV  
  24  4:38  SCV  
  23  4:50  SCV  
  26  4:53  Marauder  
  21  5:02  SCV  
  17  5:14  SCV  
  17  5:24  Marauder  
  17  5:26  SCV  
  12  5:38  SCV  
  11  5:50  SCV  
  11  5:52  Marauder  
  14  6:02  SCV  
  15  6:14  SCV  
  16  6:26  SCV  
  17  6:39  Marine, SCV  
  18  6:44  Factory  
  19  6:51  SCV  
  20  7:03  SCV  
  19  7:09  Marauder  
  19  7:15  SCV  
  21  7:27  SCV  
  20  7:32  Starport  
  20  7:39  Supply Depot, SCV  
  20  7:40  Hellion  
  18  7:51  SCV  
  17  8:03  SCV  
  16  8:08  Starport Tech Lab  
  16  8:09  Marauder  
  15  8:15  SCV  
  14  8:27  SCV  
  14  8:28  Raven  
  14  8:35  Command Center  
  14  8:40  Hellion, SCV  
  17  8:52  SCV  
  13  9:11  Raven  
  13  9:13  Marine  
  16  9:31  SCV  
  16  9:43  SCV  
  16  9:48  Marine  
  17  9:55  SCV  
  16  10:07  SCV  
  17  10:19  SCV  
  16  10:25  Marine  
  16  10:31  SCV  
  17  10:44  SCV  
  18  10:56  SCV  
  18  10:59  Marine  
  17  11:15  Command Center  
  12  11:34  Marine  
  12  11:41  SCV  
  11  11:53  SCV  
  12  12:05  SCV  
  12  12:08  Marine  
  14  12:17  SCV  
  15  12:27  Marine  
  15  12:29  Raven  
  19  12:30  SCV  
  19  12:36  SCV  
  20  12:45  SCV  
  20  12:48  Marine  
  22  12:53  SCV  
  23  13:00  SCV  
  23  13:07  Marine  
  24  13:12  SCV  
  24  13:16  Raven  
  21  13:37  Marine  
  18  13:47  SCV  
  17  13:55  SCV  
  15  14:03  SCV  
  15  14:07  Viking  
  18  14:10  Barracks, SCV  
  19  14:36  Hellion  
  19  15:05  Viking  
  19  15:08  SCV  
  20  15:25  SCV  
  21  15:32  SCV  
  21  15:34  Marine  
  21  15:40  SCV  
  19  15:47  SCV  
  17  15:56  SCV  
  16  15:58  Raven  
  16  16:01  Marine  
  16  16:03  SCV  
  16  16:11  SCV  
  17  16:19  SCV  
  17  16:30  Marine  
  17  16:56  SCV  
  17  17:02  Supply Depot  
  17  17:23  Hellion, SCV  
  17  17:29  Marine  
  19  17:37  Supply Depot  
  19  17:40  Orbital Command  
  19  17:48  Marine  
  17  18:06  SCV  
  18  18:18  SCV  
  18  18:20  Barracks  
  18  18:31  SCV  
  19  18:43  SCV  
  20  18:55  SCV  
  20  18:59  Supply Depot  
  20  19:07  SCV  
  20  19:08  Marine  
  22  19:26  Marine  
  22  19:30  SCV  
  23  19:48  SCV  
  23  20:00  SCV  
  23  20:01  Marine  
  24  20:12  SCV  
  25  20:19  Marine  
  26  20:21  Command Center  
  26  20:25  SCV  
  27  20:28  Factory  
  27  20:37  Marine  
  28  20:55  Marine  
  28  20:56  Refinery  
  29  21:00  Supply Depot  
  29  21:13  Marine  
  30  21:20  Factory Tech Lab  
  30  21:31  SCV  
  28  21:34  Starport  
  23  21:44  Marine  
  22  21:50  SCV  
  20  21:58  SCV  
  19  22:05  Refinery  
  17  22:09  SCV  
  17  22:10  Command Center  
  17  22:14  Hellion  
  20  22:17  Starport Tech Lab  
  20  22:21  SCV  
  20  22:29  SCV  
  16  22:37  SCV  
  16  22:40  Raven  
  16  22:44  Marine  
  14  22:46  SCV  
  12  22:54  SCV  
  11  23:02  SCV  
  12  23:08  Refinery  
  12  23:10  SCV  
  13  23:17  Hellion  
  15  23:20  SCV  
  14  23:27  SCV  
  14  23:35  Refinery  
  14  23:37  Medivac  
  13  23:43  SCV  
  13  23:47  Hellion  
  14  23:51  SCV  
  12  23:59  SCV  
  13  24:07  SCV  
  14  24:15  SCV  
  15  24:20  Marine  
  15  24:25  SCV  
  16  24:32  SCV  
  15  24:43  SCV  
  15  24:53  SCV  
  16  25:01  SCV  
  17  25:09  SCV  
  17  25:17  SCV  
  18  25:25  SCV  
  19  25:33  Marine  
  20  25:42  SCV  
  17  25:50  SCV  
  17  25:57  SCV  
  17  26:02  Marine  
  16  26:06  SCV  
  14  26:13  SCV  
  14  26:22  SCV  
  13  26:32  Marine  
  13  26:37  SCV  
  15  26:45  SCV  
  10  26:58  SCV  
  11  27:06  SCV  
  13  27:13  SCV  
  12  27:21  SCV  
  13  27:33  SCV  
  10  29:51  SCV  
  11  29:56  Supply Depot  
  9  30:53  Command Center  
  6  32:47  Barracks  
  6  33:29  SCV  
  6  35:00  Marine  
  6  35:18  Marine  
Show
View Real Time Build Order
Export as new Build Order

RANURA DE IA (Muy fácil) Terran 

Build Orders:  

Get SALT Encoding   

  12  0:01  SCV  
  13  0:13  SCV  
  14  0:20  Supply Depot  
  14  0:36  Refinery  
  14  0:46  Barracks  
  14  1:04  Supply Depot  
  14  1:12  Refinery  
  14  1:33  Barracks Tech Lab  
  14  1:34  Orbital Command  
  14  1:51  Marauder  
  16  2:00  SCV  
  17  2:12  SCV  
  18  2:24  SCV  
  19  2:36  SCV  
  20  2:39  Marine  
  21  2:48  SCV  
  22  3:00  SCV  
  23  3:27  Marine  
  24  6:52  SCV  
  25  6:55  Supply Depot  
  25  6:57  Marine  
  26  7:01  Factory  
  26  7:04  SCV  
  23  7:16  SCV  
  23  7:21  Supply Depot  
  24  7:27  Command Center  
  24  7:28  SCV  
  24  7:29  Marine  
  26  7:50  Starport  
  26  8:02  Marine  
  27  8:28  Starport Tech Lab  
  27  8:34  Marine  
  27  8:40  SCV  
  29  8:47  Raven  
  31  8:50  SCV  
  32  8:58  SCV  
  33  9:05  SCV  
  33  9:07  Refinery  
  33  9:08  Marine  
  35  9:12  Refinery  
  35  9:14  SCV  
  36  9:21  SCV  
  37  9:29  Raven, SCV  
  40  9:37  SCV  
  41  9:41  Marauder  
  41  9:44  SCV  
  43  9:52  SCV  
  44  10:01  SCV  
  45  10:10  SCV  
  45  10:13  Marine  
  47  10:17  SCV  
  47  10:26  SCV  
  48  10:33  SCV  
  49  10:41  SCV  
  50  10:45  Marine  
  51  12:21  Marine  
  50  12:28  Medivac  
  50  12:29  Supply Depot  
  47  12:46  Marine  
  48  12:55  Supply Depot  
  45  12:58  Raven  
  44  13:07  SCV  
  40  13:13  Ghost Academy  
  40  13:16  Marine  
  34  13:22  SCV  
  34  13:24  Command Center  
  31  13:30  SCV  
  29  13:41  Medivac  
  29  13:47  SCV  
  32  13:51  Marine  
  32  13:56  SCV  
  33  14:04  SCV  
  34  14:13  SCV  
  34  14:18  Marine  
  34  14:24  SCV  
  35  14:29  Raven  
  33  14:33  SCV  
  33  14:41  SCV  
  33  14:42  Refinery  
  33  14:49  Marauder  
  35  14:55  SCV  
  35  15:03  SCV  
  35  15:04  Refinery  
  35  15:11  Raven  
  37  15:14  SCV  
  37  15:17  Marine  
  37  15:23  SCV  
  38  15:31  SCV  
  39  15:38  SCV  
  39  15:41  Ghost  
  42  15:48  SCV  
  43  15:54  Medivac  
  45  15:58  SCV  
  45  16:07  SCV  
  43  16:13  Marine  
  43  16:18  SCV  
  25  16:29  SCV  
  25  16:38  SCV  
  24  16:45  Ghost  
  25  16:51  SCV  
  26  16:59  SCV  
  27  17:06  SCV  
  28  17:13  Marine  
  28  17:18  SCV  
  29  17:29  SCV  
  30  17:35  Marine  
  31  17:39  SCV  
  32  17:47  SCV  
  32  17:53  Marine  
  31  17:59  SCV, Command Center  
  30  18:06  Raven  
  30  18:10  Refinery  
  30  18:11  Marine  
  33  18:13  Factory Tech Lab  
  33  18:16  SCV  
  32  18:23  SCV  
  32  18:24  Refinery  
  33  18:28  Marine  
  33  18:32  SCV  
  35  18:40  SCV  
  35  18:43  Siege Tank  
  35  18:47  SCV  
  39  18:59  SCV  
  40  19:03  Marine  
  40  19:08  SCV  
  42  19:17  SCV  
  42  19:21  Marine  
  43  19:29  SCV  
  42  19:39  Marine  
  42  19:41  SCV  
  44  19:49  SCV  
  48  19:52  Siege Tank  
  48  19:59  SCV  
  49  20:07  Marine  
  50  20:15  SCV  
  51  20:25  Marine  
  52  20:29  SCV  
  52  20:37  Siege Tank  
  53  20:42  SCV  
  53  20:51  SCV  
  53  20:58  Marine  
  53  21:03  SCV  
  54  21:11  SCV  
  54  21:14  Siege Tank  
  58  21:19  SCV  
  59  21:27  SCV  
  59  21:32  Marine  
  57  21:40  SCV  
  57  21:49  Marine  
  58  21:57  SCV  
  58  22:06  Hellion  
  49  22:16  SCV  
  46  22:26  Barracks Tech Lab  
  46  22:28  Hellion  
  47  22:34  SCV  
  47  22:41  SCV  
  48  22:48  Marauder  
  48  22:52  SCV  
  49  22:59  SCV  
  50  23:09  Marine  
  50  23:11  SCV  
  51  23:20  SCV  
  52  23:29  Hellion  
  52  23:33  SCV  
  51  23:45  SCV  
  51  23:48  Marine  
  52  23:54  SCV  
  54  24:02  SCV  
  55  24:08  Hellion  
  57  24:14  SCV  
  58  24:23  SCV  
  58  24:33  SCV  
  59  24:40  SCV  
  60  24:48  SCV  
  61  24:56  SCV  
  62  25:04  SCV  
  63  25:11  SCV  
  64  25:17  Marine  
  64  25:24  SCV  
  65  25:35  SCV  
  66  25:43  SCV  
  67  26:01  Marine  
  68  26:19  Marine  
  68  27:08  Marine  
  62  27:26  Marine  
  61  27:44  Marine  
  60  28:01  Marine  
  61  28:32  Marine  
  59  28:50  Marine  
  60  29:01  Siege Tank  
  60  29:16  Marine  
  58  29:34  Marauder  
  57  29:43  Siege Tank  
  53  30:22  Siege Tank  
  50  30:40  Raven  
  42  30:51  Marine  
  31  31:13  SCV  
  22  31:21  Hellion  
  22  31:23  Raven  
  22  31:25  SCV  
  19  31:33  SCV  
  20  31:40  SCV  
  21  31:50  SCV  
  21  31:53  Marauder  
  24  32:06  Raven  
  27  32:23  Hellion  
  25  32:53  Siege Tank  
  27  33:26  Siege Tank  
  30  33:29  SCV  
  31  33:38  SCV  
  31  33:41  Marine  
  31  33:47  SCV  
  33  33:59  Marine  
  34  34:10  Siege Tank  
  37  34:24  Marine  
  35  34:34  Raven  
  29  34:42  Marine  
  29  35:00  Marine  
  30  35:16  Raven  
  30  35:17  Marine  
  31  36:12  Marine  
  31  36:16  SCV  
  30  36:23  SCV  
  31  36:30  SCV  
  26  36:49  Marine  
Show
View Real Time Build Order
Export as new Build Order

RANURA DE IA (Muy fácil) Terran 

Build Orders:  

Get SALT Encoding   

  12  0:01  SCV  
  13  0:13  SCV  
  14  0:20  Supply Depot  
  14  0:37  Refinery  
  14  0:48  Barracks  
  14  1:04  Supply Depot  
  14  1:12  Refinery  
  14  1:34  Marine  
  14  1:37  Orbital Command  
  15  1:53  Barracks Tech Lab  
  14  2:04  SCV  
  15  2:17  Marine, SCV  
  15  2:29  SCV  
  14  2:41  SCV  
  13  2:53  SCV  
  14  3:00  Marine  
  14  3:05  SCV  
  16  3:17  SCV  
  17  3:29  SCV  
  18  3:41  SCV  
  18  3:43  Marine  
  19  3:53  SCV  
  20  4:05  SCV  
  20  4:18  Marine, SCV  
  20  4:30  SCV  
  21  4:47  Marauder  
  22  4:54  SCV  
  22  4:56  Supply Depot  
  15  5:06  SCV  
  3  5:16  Marauder  
  3  5:18  SCV  
  6  5:31  SCV  
  7  5:43  SCV  
  7  5:44  Marine  
  9  5:55  SCV  
  10  6:07  SCV  
  11  6:14  Marauder  
  13  6:19  SCV  
  14  6:31  SCV  
  15  6:37  Factory  
  15  6:43  SCV  
  16  6:49  Marine  
  17  6:55  SCV  
  18  7:07  SCV  
  13  7:19  SCV  
  13  7:21  Marine  
  14  7:27  Starport  
  14  7:32  SCV  
  14  7:44  SCV  
  13  7:51  Hellion  
  14  7:56  SCV  
  15  8:04  Starport Tech Lab  
  15  8:08  SCV  
  16  8:16  Command Center  
  16  8:20  Hellion  
  16  8:23  Raven  
  10  8:51  Marine  
  10  9:02  SCV  
  11  9:06  Raven  
  13  9:23  Marine  
  13  9:48  SCV  
  14  9:58  Marine  
  15  10:00  Command Center  
  15  10:01  SCV  
  16  10:13  SCV  
  12  10:25  SCV  
  13  10:34  Marine  
  14  10:38  SCV  
  12  10:50  SCV  
  13  11:02  SCV  
  14  11:05  Marine  
  15  11:19  Command Center  
  15  11:37  Marine  
  17  11:40  SCV  
  17  11:52  SCV  
  18  12:02  Marine  
  18  12:04  SCV  
  20  12:13  Raven  
  22  12:16  SCV  
  23  12:28  SCV, Marauder  
  26  12:33  SCV  
  26  12:40  SCV  
  27  12:48  SCV  
  28  12:56  Raven  
  30  13:13  Marine  
  23  13:39  Medivac  
  25  13:46  Marine  
  26  14:09  Raven  
  26  14:17  SCV  
  26  14:18  Command Center  
  26  14:29  SCV  
  27  14:31  Marine  
  28  14:41  SCV  
  29  14:52  Medivac  
  29  14:55  SCV  
  29  14:58  Marine  
  30  15:07  SCV  
  30  15:12  Supply Depot  
  31  15:21  SCV  
  32  15:22  Raven  
  32  15:23  Marine  
  34  15:33  SCV  
  30  15:59  SCV  
  29  16:05  Marine  
  25  16:30  Marine  
  25  16:36  Raven  
  27  16:44  Command Center  
  27  16:48  Marine  
  27  17:01  SCV  
  27  17:06  Marine  
  29  17:11  Factory Tech Lab  
  28  17:19  Medivac  
  30  17:24  Marine  
  31  17:37  Siege Tank  
  33  17:49  Raven  
  32  19:48  Marine  
  32  19:51  SCV  
  19  21:45  Medivac  
  20  23:03  Raven  
  21  23:45  Raven  
  19  24:28  Viking  
  19  24:38  Marine  
  20  24:56  Marine  
  20  24:58  Raven  
  23  25:06  Command Center  
  21  25:14  Marine  
  22  25:32  Marauder  
  24  25:41  Raven  
  26  26:23  Command Center  
  26  26:32  Marine  
  26  26:50  Marine  
  27  27:09  Marauder  
  27  27:14  Medivac  
  31  27:43  Marine  
  31  27:44  Medivac  
  33  28:01  Marine  
  20  28:45  SCV  
  7  29:29  Supply Depot  
Show
View Real Time Build Order
Export as new Build Order

RANURA DE IA (Muy fácil) Protoss 

Build Orders:  

Get SALT Encoding   

  12  0:01  Probe (Chrono Boost)  
  13  0:12  Probe (Chrono Boost)  
  14  0:21  Pylon  
  14  0:36  Assimilator  
  14  0:44  Gateway  
  14  0:50  Pylon  
  14  1:16  Assimilator  
  14  1:28  Probe (Chrono Boost)  
  14  1:32  Zealot  
  15  1:34  Cybernetics Core  
  15  1:39  Probe (Chrono Boost)  
  18  1:51  Probe (Chrono Boost)  
  19  2:01  Probe (Chrono Boost), Warp Gate  
  20  2:13  Probe (Chrono Boost)  
  21  2:25  Probe (Chrono Boost)  
  20  2:49  Zealot  
  22  3:09  Pylon  
  22  3:13  Probe (Chrono Boost)  
  22  3:18  Zealot  
  24  3:30  Pylon  
  24  3:32  Probe (Chrono Boost)  
  22  3:49  Zealot  
  22  3:54  Probe (Chrono Boost)  
  24  3:56  Pylon  
  24  4:25  Zealot  
  24  4:31  Probe (Chrono Boost)  
  24  4:43  Assimilator  
  24  5:42  Stalker  
  20  6:14  Probe (Chrono Boost)  
  20  6:53  Probe (Chrono Boost)  
  19  6:58  Zealot  
  19  7:04  Probe (Chrono Boost)  
  19  7:06  Cybernetics Core  
  20  7:15  Probe (Chrono Boost)  
  20  7:27  Probe (Chrono Boost)  
  20  7:28  Zealot  
  23  7:38  Probe (Chrono Boost)  
  24  7:48  Robotics Facility  
  24  7:50  Probe (Chrono Boost)  
  25  8:00  Probe (Chrono Boost)  
  25  8:10  Pylon  
  25  8:11  Probe (Chrono Boost)  
  26  8:13  Nexus  
  26  8:22  Probe (Chrono Boost)  
  26  8:29  Adept  
  26  8:34  Probe (Chrono Boost)  
  29  8:38  Observer  
  28  8:45  Probe (Chrono Boost)  
  28  8:56  Probe (Chrono Boost)  
  28  8:59  Observer  
  27  9:07  Probe (Chrono Boost)  
  26  9:28  Probe (Chrono Boost)  
  26  9:30  Stalker  
  29  9:34  Probe (Chrono Boost)  
  30  9:44  Probe (Chrono Boost)  
  31  9:51  Probe (Chrono Boost)  
  32  9:59  Probe (Chrono Boost)  
  32  10:03  Stalker  
  32  10:06  Assimilator  
  34  10:13  Probe (Chrono Boost)  
  31  10:15  Observer  
  31  10:19  Assimilator  
  29  10:21  Probe (Chrono Boost)  
  30  10:28  Probe (Chrono Boost)  
  30  10:33  Stalker  
  33  10:37  Probe (Chrono Boost)  
  34  10:43  Probe (Chrono Boost)  
  34  10:51  Probe (Chrono Boost)  
  35  10:58  Probe (Chrono Boost)  
  35  11:01  Immortal  
  36  11:06  Probe (Chrono Boost)  
  41  11:13  Probe (Chrono Boost)  
  42  11:21  Probe (Chrono Boost)  
  43  11:28  Probe (Chrono Boost)  
  44  11:33  Stalker  
  44  11:37  Probe (Chrono Boost)  
  47  11:45  Probe (Chrono Boost)  
  46  11:54  Probe (Chrono Boost)  
  47  12:03  Probe (Chrono Boost)  
  47  12:05  Zealot  
  49  12:13  Probe (Chrono Boost)  
  50  13:06  Adept  
  51  13:18  Probe (Chrono Boost)  
  51  13:21  Gateway  
  51  13:23  Warp Prism  
  53  13:29  Stargate  
  53  13:31  Probe (Chrono Boost)  
  54  13:39  Stalker  
  56  13:42  Robotics Bay  
  48  13:52  Probe (Chrono Boost)  
  31  13:59  Observer  
  29  14:02  Pylon  
  29  14:06  Probe (Chrono Boost)  
  30  14:13  Stalker  
  30  14:16  Gateway  
  32  14:22  Probe (Chrono Boost)  
  33  14:28  Warp Prism  
  35  14:33  Pylon  
  35  14:38  Probe (Chrono Boost)  
  34  14:40  Observer Gravitic Boosters  
  32  14:51  Zealot  
  34  15:04  Probe (Chrono Boost)  
  35  15:16  Probe (Chrono Boost)  
  35  15:17  Nexus  
  35  15:20  Zealot  
  35  15:29  Probe (Chrono Boost)  
  35  15:34  Gravitic Drive  
  35  15:36  Assimilator  
  35  15:40  Probe (Chrono Boost)  
  36  15:51  Probe (Chrono Boost)  
  37  15:59  Stalker  
  39  16:09  Probe (Chrono Boost)  
  37  16:28  Zealot  
  36  16:49  Probe (Chrono Boost)  
  34  16:54  Void Ray  
  38  17:06  Probe (Chrono Boost)  
  39  17:29  Probe (Chrono Boost)  
  39  17:32  Nexus  
  39  17:36  Stalker  
  41  17:48  Observer  
  41  17:56  Stalker  
  40  18:10  Pylon  
  40  18:11  Observer  
  41  18:17  Sentry  
  39  18:39  Sentry  
  30  18:56  Zealot  
  28  19:13  Sentry  
  30  19:23  Probe (Chrono Boost)  
  27  19:30  Sentry  
  28  19:31  Probe (Chrono Boost)  
  26  19:45  Observer  
  26  19:49  Stalker  
  30  19:53  Probe (Chrono Boost)  
  30  19:59  Probe (Chrono Boost)  
  31  20:07  Probe (Chrono Boost)  
  32  20:10  Sentry  
  34  20:28  Sentry  
  34  20:45  Zealot  
  34  21:04  Stalker  
  34  21:21  Zealot  
  36  21:38  Sentry  
  38  21:54  Assimilator  
  38  21:55  Sentry  
  38  22:13  Zealot  
  40  22:16  Assimilator  
  40  22:25  Probe (Chrono Boost), Nexus  
  41  22:33  Sentry  
  42  22:50  Probe (Chrono Boost)  
  43  22:56  Stalker  
  45  23:05  Probe (Chrono Boost)  
  44  23:06  Stalker x2  
  44  23:11  Zealot  
  40  23:21  Probe (Chrono Boost)  
  40  23:27  Zealot  
  37  23:40  Probe (Chrono Boost)  
  31  23:47  Stalker  
  29  23:49  Assimilator  
  29  23:55  Probe (Chrono Boost)  
  27  24:00  Observer  
  25  24:04  Zealot  
  23  24:11  Probe (Chrono Boost)  
  19  24:22  Probe (Chrono Boost)  
  20  24:25  Zealot  
  18  24:34  Probe (Chrono Boost)  
  20  24:46  Probe (Chrono Boost), Stalker  
  20  24:57  Probe (Chrono Boost)  
  21  25:01  Zealot  
  22  25:08  Probe (Chrono Boost)  
  21  25:20  Probe (Chrono Boost)  
  16  25:21  Zealot  
  14  25:31  Probe (Chrono Boost)  
  15  25:36  Zealot  
  18  25:43  Probe (Chrono Boost)  
  18  25:46  Nexus  
  18  25:47  Nexus  
  15  25:51  Stalker  
  15  26:06  Sentry  
  17  26:11  Nexus  
  17  26:15  Assimilator  
  16  26:20  Zealot  
  18  26:35  Zealot  
  18  27:39  Probe (Chrono Boost)  
Show
View Real Time Build Order
Export as new Build Order

RANURA DE IA (Muy fácil) Zerg 

Build Orders: Pool Only 

Get SALT Encoding   

  12  0:02  Drone  
  13  0:12  Overlord  
  13  0:17  Drone  
  14  0:37  Spawning Pool  
  14  0:38  Extractor  
  14  0:40  Drone  
  13  0:48  Drone  
  14  0:54  Overlord  
  14  1:24  Queen, Zergling x2  
  17  1:33  Roach Warren  
  17  1:36  Drone  
  17  1:40  Extractor  
  17  1:45  Drone  
  17  1:51  Zergling x2  
  17  2:19  Zergling x2  
  17  2:20  Drone  
  18  2:30  Drone  
  19  2:42  Overlord  
  19  2:46  Roach  
  20  3:02  Drone  
  21  3:13  Zergling x2  
  21  3:14  Drone  
  21  3:21  Queen  
  20  3:33  Drone  
  11  3:40  Zergling x2  
  6  3:42  Drone  
  5  3:49  Drone  
  5  3:50  Drone  
  5  3:51  Drone  
  7  4:07  Drone  
Show
View Real Time Build Order
Export as new Build Order

RANURA DE IA (Muy fácil) Terran 

Build Orders: Reaper Expand 

Get SALT Encoding   

  12  0:01  SCV  
  13  0:13  SCV  
  14  0:20  Supply Depot  
  14  0:46  Barracks  
  14  1:05  Command Center  
  14  1:32  Supply Depot  
  14  1:34  Marine  
  14  1:36  Orbital Command  
  14  1:39  Refinery  
  15  1:51  Refinery  
  15  2:02  SCV  
  16  2:14  SCV  
  17  2:17  SCV  
  17  2:20  Reaper  
  19  2:26  SCV  
  20  2:31  SCV  
  21  2:39  SCV  
  22  2:46  Refinery, SCV  
  23  2:53  SCV  
  24  3:00  SCV  
  25  3:06  Marine  
  25  3:10  SCV  
  27  3:18  SCV, Factory  
  28  3:44  Refinery  
  28  3:46  SCV  
  29  3:51  Marine  
  29  3:53  SCV  
  31  4:00  SCV  
  32  4:04  Starport  
  32  4:08  SCV  
  33  4:15  SCV  
  34  4:19  Supply Depot  
  34  4:22  SCV  
  35  4:29  SCV  
  36  4:36  Marine  
  36  4:38  SCV  
  37  4:42  Starport Tech Lab  
  37  4:45  SCV  
  39  4:52  SCV  
  39  4:57  Supply Depot  
  39  5:00  SCV  
  39  5:01  Raven  
  42  5:08  SCV  
  43  5:16  SCV  
  44  5:23  Marine  
  44  5:25  SCV  
  46  5:32  SCV  
  47  5:40  SCV  
  48  5:44  Raven  
  50  6:09  Reaper  
  51  6:42  Barracks Tech Lab  
  51  7:02  Marauder  
  53  11:26  Medivac  
  53  11:28  Factory Tech Lab  
  54  11:36  Supply Depot  
  54  11:48  Siege Tank  
  57  11:56  Raven  
  59  12:05  Supply Depot  
  59  12:20  Siege Tank  
  62  12:25  Command Center  
  62  12:39  Medivac  
  62  13:15  Marine  
  62  13:18  Raven  
  54  13:39  SCV  
  55  13:45  Marine  
  56  13:54  SCV  
  55  14:01  Raven  
  55  14:04  SCV  
  55  14:11  Marine  
  55  14:19  SCV  
  54  14:26  SCV  
  51  14:34  SCV  
  41  14:41  Marine  
  36  14:50  SCV  
  28  15:02  SCV  
  28  15:05  Refinery  
  21  15:18  SCV, Refinery  
  12  15:34  SCV  
  7  15:46  SCV  
  8  15:54  Command Center  
  7  15:58  SCV  
  8  16:10  SCV  
  7  16:36  SCV  
  6  16:48  SCV  
  6  16:49  Supply Depot  
  7  17:00  SCV  
  7  17:05  SCV  
  7  17:13  SCV  
  8  17:20  SCV  
  8  17:27  SCV  
  8  17:35  SCV  
  9  17:43  SCV  
  10  17:50  SCV  
  11  17:56  Command Center  
  11  17:58  SCV  
  11  18:02  Barracks  
  12  18:06  SCV  
  13  18:13  SCV  
  14  18:21  SCV  
  15  18:28  SCV  
  16  18:36  SCV  
  16  18:39  Refinery  
  17  18:43  SCV  
  17  18:45  Supply Depot  
  18  18:49  Marine  
  18  18:51  SCV  
  20  19:05  Orbital Command  
  20  19:07  Marine  
  21  19:10  SCV  
  20  19:18  SCV  
  21  19:25  SCV, Marine, Refinery  
  21  19:31  Factory  
  23  19:35  SCV  
  23  19:43  Marine  
  23  19:44  SCV  
  24  19:51  SCV  
  21  20:01  Marine  
  21  20:03  SCV  
  21  20:08  Supply Depot  
  21  20:11  SCV  
  22  20:18  Marine, SCV  
  20  20:25  SCV  
  18  20:33  SCV  
  18  20:35  Refinery  
  18  20:37  Marine  
  18  20:41  SCV  
  18  20:48  SCV  
  18  20:49  Supply Depot  
  19  20:54  Marine  
  21  20:57  SCV  
  21  21:04  SCV  
  20  21:12  Marine  
  20  21:13  SCV  
  20  21:22  SCV  
  20  21:29  SCV  
  20  21:30  Marine  
  22  21:37  SCV  
  22  21:48  Marine, SCV  
  24  21:56  SCV  
  25  22:06  Marine  
  25  22:08  SCV  
  22  22:16  SCV  
  16  22:23  Marine, SCV  
  18  22:31  SCV  
  19  22:41  SCV  
  19  22:42  Reaper  
  21  22:49  SCV  
  22  22:56  SCV  
  23  23:04  SCV  
  24  23:09  Hellion  
  24  23:11  Starport  
  25  23:18  SCV  
  26  23:20  Barracks Tech Lab  
  26  23:27  SCV  
  26  23:37  SCV  
  27  23:44  Marine  
  26  23:49  SCV  
  27  24:00  Medivac  
  28  24:09  SCV  
  28  24:13  Marine  
  27  24:18  Factory Tech Lab  
  27  24:20  SCV  
  28  24:30  Supply Depot, Medivac  
  29  24:32  Marine  
  29  24:37  SCV  
  31  24:44  SCV  
  32  24:48  Refinery  
  32  24:51  Marine  
  32  24:54  SCV  
  33  25:01  Starport Tech Lab  
  33  25:04  SCV  
  34  25:09  Marine  
  34  25:13  SCV  
  36  25:21  SCV  
  36  25:27  Marine  
  38  25:30  Raven  
  41  25:44  Marine  
  41  25:47  SCV  
  43  25:59  Siege Tank, SCV  
  43  26:00  SCV  
  48  26:11  SCV  
  48  26:13  Raven  
  48  26:15  Marine  
  51  26:20  SCV  
  52  26:28  SCV  
  52  26:31  Siege Tank  
  56  26:38  SCV  
  57  26:46  SCV  
  58  26:48  Supply Depot  
  58  26:56  Raven  
  58  27:00  SCV  
  61  27:07  Siege Tank  
  64  27:13  SCV  
  65  28:07  Supply Depot  
  65  28:12  Armory  
  63  28:21  SCV  
  62  28:31  SCV  
  58  28:39  SCV  
  58  28:46  Refinery  
  58  28:49  SCV  
  59  28:59  SCV  
  60  29:04  Refinery  
  60  29:08  Thor  
  66  29:14  SCV  
  65  29:25  SCV  
  65  29:28  Refinery  
  66  29:33  SCV  
  66  29:40  SCV  
  59  29:47  Raven  
  57  29:53  SCV  
  57  29:55  Command Center  
  58  30:03  SCV  
  59  30:11  SCV  
  60  30:21  Siege Tank  
  60  30:30  Raven  
  62  31:15  Refinery  
  61  31:19  Marine  
  63  31:25  SCV  
  60  31:34  SCV  
  59  31:44  SCV  
  54  31:49  Viking  
  43  32:00  Siege Tank  
  45  32:02  SCV  
  40  32:09  SCV  
  40  32:11  Marine  
  26  32:23  Supply Depot  
  26  32:25  SCV  
  26  32:29  Armory  
  19  32:37  Barracks, SCV  
  17  32:49  SCV  
  15  32:59  Command Center  
  15  33:02  SCV  
  15  33:04  Supply Depot  
  12  33:25  Command Center  
  12  33:26  SCV  
  13  33:29  Marine  
  14  33:37  Command Center  
  14  33:38  SCV  
  14  33:47  Marine, Factory  
  15  33:50  SCV  
  15  33:52  Supply Depot  
  16  34:05  Marine  
  16  34:07  Refinery  
  17  34:11  SCV  
  15  34:22  Marine  
  15  34:23  SCV  
  15  34:24  Refinery  
  17  34:27  Supply Depot  
  17  34:35  SCV  
  18  34:38  SCV  
  18  34:40  Marine  
  19  34:46  Refinery  
  19  34:47  SCV  
  18  34:54  SCV, Starport  
  18  34:57  Refinery  
  18  34:58  Marine  
  18  35:00  Command Center  
  18  35:01  SCV  
  18  35:05  Factory Tech Lab  
  16  35:09  SCV  
  15  35:17  SCV, Barracks Tech Lab  
  16  35:22  Refinery  
  16  35:25  SCV  
  16  35:33  SCV  
  17  35:36  Marine  
  17  35:41  Starport  
  10  35:47  SCV  
  10  36:01  Refinery  
  2  36:13  SCV  
  3  36:25  SCV  
  3  36:37  SCV  
  4  36:49  SCV  
  3  37:01  SCV  
  4  37:13  SCV  
  4  37:25  SCV  
  5  37:38  SCV  
  5  37:40  Command Center  
  6  37:50  SCV  
  7  37:56  Command Center  
  7  38:09  Command Center  
  7  38:12  Refinery  
  7  38:20  Command Center  
  7  38:30  SCV  
  8  38:42  SCV, Command Center  
  9  38:52  SCV  
  10  38:59  SCV  
  11  39:05  Refinery  
  11  39:08  SCV  
  12  39:15  SCV  
  11  39:21  Refinery  
  11  39:22  Command Center  
  12  39:25  Supply Depot  
Show
View Real Time Build Order
Export as new Build Order

RANURA DE IA (Muy fácil) Zerg 

Build Orders: Pool First 

Get SALT Encoding   

  12  0:02  Drone  
  13  0:12  Overlord  
  13  0:17  Drone  
  14  0:35  Spawning Pool  
  13  0:37  Drone  
  13  0:41  Extractor  
  13  0:44  Drone  
  14  0:51  Overlord  
  14  1:22  Zergling x2  
  14  1:23  Queen  
  17  1:31  Roach Warren  
  16  1:33  Extractor  
  16  1:37  Drone  
  16  1:44  Drone  
  17  1:48  Zergling x2  
  18  2:03  Drone  
  19  2:10  Drone  
  19  2:15  Zergling x2  
  21  2:20  Drone  
  22  2:29  Overlord  
  22  2:34  Drone  
  23  2:41  Drone  
  23  2:42  Roach  
  26  2:48  Drone  
  27  5:12  Zergling x2  
  26  5:40  Zergling x2  
  23  5:49  Queen  
  21  5:52  Drone  
  18  6:01  Drone  
  12  6:07  Roach  
  12  6:08  Drone  
  9  6:16  Drone  
  7  6:23  Drone  
  8  6:30  Drone  
  8  6:36  Roach  
  8  6:37  Drone  
  9  6:45  Spawning Pool, Drone  
  9  6:52  Drone  
  10  6:59  Drone  
  11  7:06  Drone  
  12  7:11  Roach  
  12  7:14  Drone  
  13  7:21  Drone  
  14  7:28  Drone  
  15  7:34  Queen  
  17  7:37  Drone  
  17  7:41  Hatchery  
  15  7:45  Drone  
  15  7:47  Roach  
  18  7:54  Drone  
  19  8:10  Lair  
  19  8:24  Roach  
  21  8:34  Drone  
  22  8:42  Drone  
  23  8:50  Drone  
  24  8:57  Drone  
  24  8:59  Zergling x2  
  26  9:05  Drone  
  26  9:09  Overseer  
  27  9:10  Overseer  
  27  9:13  Drone  
  28  9:20  Drone  
  29  9:24  Overlord  
  29  9:29  Drone  
  28  9:37  Zergling x2  
  28  9:40  Drone  
  29  9:48  Drone  
  29  9:49  Overseer  
  29  9:52  Overlord  
  30  10:01  Drone  
  31  10:08  Roach  
  31  10:13  Drone  
  31  10:14  Hatchery  
  33  10:21  Drone  
  34  10:31  Drone  
  35  10:40  Drone  
  36  10:49  Drone  
  37  10:56  Drone  
  38  11:03  Drone  
  39  11:06  Overlord  
  39  11:11  Drone  
  32  11:22  Zergling x2  
  32  11:23  Overseer  
  32  11:25  Drone  
  34  11:26  Overlord  
  34  11:33  Drone  
  35  11:48  Overlord  
  34  12:06  Roach  
  34  12:07  Overlord  
  35  12:27  Overlord  
  33  12:45  Evolution Chamber  
  33  12:47  Zergling x2  
  33  12:48  Spire  
  33  12:49  Overlord  
  32  12:52  Pneumatized Carapace  
  30  13:07  Overseer  
  30  13:11  Overseer  
  29  13:34  Zergling x2  
  29  13:39  Hatchery  
  29  13:41  Queen, Overlord  
  28  13:59  Mutalisk  
  30  14:25  Mutalisk  
  32  14:54  Mutalisk  
  34  15:03  Drone  
  35  15:11  Drone  
  36  15:21  Drone  
  37  15:25  Mutalisk  
  39  15:32  Drone  
  39  15:44  Drone  
  38  15:52  Drone  
  38  15:55  Spawning Pool  
  38  15:57  Mutalisk  
  40  16:43  Zergling x2  
  41  17:20  Roach  
  43  17:24  Overlord  
  43  17:37  Roach  
  45  17:45  Infestation Pit  
  45  17:46  Overlord  
  44  17:54  Roach  
  46  18:07  Queen  
  46  18:23  Infestor  
  37  18:30  Overseer, Hydralisk Den  
  37  18:32  Extractor, Overlord  
  31  18:37  Extractor  
  31  18:38  Zergling x2  
  31  18:53  Overlord  
  31  18:54  Hatchery  
  30  18:57  Roach  
  29  19:03  Overseer  
  29  19:04  Queen  
  29  19:05  Overseer  
  31  19:12  Roach  
  31  19:13  Drone  
  34  19:19  Overlord  
  34  19:20  Drone  
  35  19:27  Roach  
  35  19:44  Hydralisk  
  37  20:01  Infestor  
  39  20:08  Drone  
  40  20:16  Drone  
  40  20:17  Extractor  
  40  20:19  Hydralisk  
  42  20:23  Drone  
  43  20:32  Drone  
  44  20:37  Extractor  
  44  20:42  Zergling x2  
  44  20:50  Drone  
  45  21:00  Roach  
  45  21:05  Drone  
  45  21:09  Queen  
  48  21:14  Drone  
  49  21:22  Drone  
  50  21:29  Drone  
  51  21:37  Drone  
  52  21:44  Corruptor  
  54  21:50  Drone  
  54  21:51  Hive  
  55  21:54  Overlord  
  55  21:59  Drone  
  56  22:09  Drone  
  56  22:18  Zergling x2  
  56  22:22  Drone  
  58  22:32  Drone  
  45  22:40  Overseer  
  45  22:46  Overlord  
  45  22:55  Overlord  
  44  23:02  Overlord  
  44  23:04  Greater Spire  
  44  23:24  Overlord  
  44  23:25  Zergling x2  
  45  23:31  Overseer  
  45  23:40  Overseer  
  45  24:14  Hydralisk  
  39  24:25  Overlord  
  38  24:32  Overseer  
  38  24:43  Queen, Zergling x2  
  38  24:44  Overlord  
  34  25:00  Overseer  
  34  25:05  Drone  
  35  25:09  Overlord  
  35  25:14  Corruptor  
  35  25:18  Drone  
  38  25:27  Drone  
  38  25:35  Drone  
  16  25:46  Drone  
  17  25:51  Hydralisk  
  17  25:56  Drone  
  17  26:00  Queen  
  11  26:09  Drone  
  8  26:15  Corruptor  
  8  26:17  Drone  
  7  26:24  Drone  
  7  26:29  Drone  
  7  26:41  Drone  
  6  26:49  Hatchery  
  6  26:52  Drone  
    28:01  Drone  
  1  28:13  Overlord  
  1  28:22  Drone  
  1  28:36  Drone  
  2  28:44  Drone  
  3  28:54  Drone  
  4  29:16  Drone  
  5  29:27  Extractor, Drone  
  5  29:31  Evolution Chamber  
  5  29:35  Drone  
  5  29:41  Extractor  
  4  29:47  Spawning Pool  
  4  29:48  Drone  
  4  29:59  Drone  
  5  30:00  Overlord  
  4  30:20  Drone  
  5  30:31  Drone  
  7  30:35  Zergling x2  
  7  30:36  Lair  
  7  30:40  Roach Warren  
  7  30:42  Drone  
  7  30:52  Overlord  
  6  31:04  Drone  
  7  31:17  Drone  
  9  31:25  Drone  
  9  31:36  Queen  
  9  31:38  Drone  
  11  31:43  Hydralisk Den  
  11  31:47  Drone  
  11  31:58  Drone  
  12  32:05  Infestation Pit  
  12  32:06  Overseer  
  11  32:08  Overseer  
  11  32:10  Zergling x2  
  12  32:18  Drone  
  12  32:30  Drone  
  13  32:39  Drone  
  12  32:49  Overlord  
  12  32:51  Hydralisk  
  12  32:53  Drone  
  15  33:02  Drone  
  15  33:05  Zergling x2  
  17  33:08  Queen  
  15  33:16  Drone  
  15  33:18  Hydralisk  
  11  33:23  Overlord  
  11  33:25  Drone  
  10  33:33  Drone  
  8  33:43  Drone  
Tags
 
Add a new tag
Caveats
  • Supply blocks, unpowered buildings, or Contaminate may cause inaccurate times.
  • Supply counts are checked every 10 seconds.